 Dungeon Crawl Stone Soup version 0.27-a0-887-gcab673c142 (webtiles) character file.

Game seed: 3098854537624559220

199 timneilson the Shield-Bearer (level 5, -7/33 HPs)
             Began as a Gargoyle Fighter on Apr 5, 2021.
             Killed by divine providence
             ... invoked by an orc priest
              (11 damage)
             ... on level 3 of the Dungeon.
             The game lasted 00:03:51 (3389 turns).

timneilson the Shield-Bearer (Gargoyle Fighter)     Turns: 3389, Time: 00:03:52

Health: -7/33      AC: 12    Str: 21    XL:     5   Next: 77%
Magic:  5/5        EV:  7    Int:  8    God:
Gold:   80         SH: 10    Dex:  9    Spells: 4/4 levels left

rFire    . . .     SeeInvis .   a - +0 long sword
rCold    . . .     Faith    .   c - +1 kite shield
rNeg     + . .     Spirit   .   b - +0 scale mail
rPois    ∞         Reflect  .   (no helmet)
rElec    +         Harm     .   (no cloak)
rCorr    .         Rampage  .   (no gloves)
Will     .....                  j - +0 pair of boots
Stlth    ..........             (no amulet)
HPRegen  0.11/turn              (no ring)
MPRegen  0.09/turn              (no ring)

@: mighty
A: AC +4, negative energy resistance 1, electricity resistance, torment
resistance 1, unbreathing 1, petrification resistance
a: no special abilities


You were on level 3 of the Dungeon.
You visited 1 branch of the dungeon, and saw 3 of its levels.

You collected 80 gold pieces.

Inventory:

Hand Weapons
 a - a +0 long sword (weapon)
Armour
 b - a +0 scale mail (worn)
 c - a +1 kite shield (worn)
 j - a +0 pair of boots (worn)
Wands
 h - a wand of random effects (17)
 l - a wand of flame (6)
Scrolls
 f - a scroll of summoning {unknown}
 i - 2 scrolls of identify
Potions
 d - a potion of might
 e - 3 potions of curing {unknown}
 g - a potion of mutation
 k - 2 potions of attraction {unknown}
 m - a potion of ambrosia {unknown}
 n - a potion of resistance


   Skills:
 + Level 3.8 Fighting
 * Level 3.2 Long Blades
 * Level 4.5 Armour
 * Level 4.6 Shields


You had 4 spell levels left.
You didn't know any spells.
Your spell library contained the following spells:

 Spells                   Type           Power      Damage    Failure   Level
 Animate Skeleton         Necr           0%         N/A       99%         1
 Apportation              Tloc           0%         N/A       99%         1
 Corona                   Hex            0%         N/A       99%         1
 Summon Small Mammal      Summ           0%         N/A       99%         1


Dungeon Overview and Level Annotations

Branches:
Dungeon (3/15)

Altars:

Shops:
D:1 *


Innate Abilities, Weirdness & Mutations

Your stone body is resilient. (AC +4)
You are immune to poison.
You resist negative energy. (rN+)
You are resistant to electric shocks. (rElec)
You are resistant to unholy torment.
You can survive without breathing.
You are immune to petrification.


Message History

An orc wizard comes into view. It is wielding a +0 dagger.
The orc priest moves out of view.
You hear a shout!
Found 9 gold pieces.
An orc comes into view. It is wielding a +0 whip.
The orc shouts!
The orc wizard shouts!
An orc comes into view. It is wielding a +0 club.
The orc wizard casts a spell at itself.
The orc wizard flickers and vanishes!
Deactivating autopickup; reactivate with Ctrl-A.
You feel very mighty all of a sudden.
The orc priest calls down the wrath of Beogh upon you.
Beogh smites you!
* * * LOW HITPOINT WARNING * * *
You slash the orc!
You kill the orc!
A ball python comes into view.
The orc priest looks braver for a moment.
You hit something.
You hear some strange, mumbled words.
Something tries to affect you, but you resist.
The orc priest miscasts a cantrip.
You closely miss something. Something hits you but does no damage.
The orc priest looks encouraged for a moment.
Something hits you.
* * * LOW HITPOINT WARNING * * *
The orc priest hits you but does no damage.
You slash the orc priest!
The orc priest is heavily wounded.
The orc priest calls upon Beogh to heal the orc priest.
The orc priest is healed somewhat.
Something hits you but does no damage.
The orc priest hits you but does no damage.
You slash the orc priest!
The orc priest is severely wounded.
Something hits you but does no damage. The orc priest barely misses you.
Something hits you.
* * * LOW HITPOINT WARNING * * *
The orc priest calls down the wrath of Beogh upon you.
Beogh smites you!
You die...

.... #.........#
....##.........# # ..#
...............# .# ..#
.. .##.........# .#
...#
...........##.###..###
............o..#.......
.......................
............o###.......
........#.o{@.....#
..........######...#
........### ..#
........# .# ........#
# ........# #....o.o#


You could see 2 orc priests and an orc.

Vanquished Creatures
  Natasha (thrice) (D:2)
  2 adders
  A worm (D:3)
  A dart slug (D:2)
  An orc (D:3)
  12 ball pythons
  7 bats
  9 endoplasms
  2 giant cockroaches
  9 goblins
  6 hobgoblins
  12 jackals
  7 kobolds
  8 quokkas
  6 frilled lizards
  5 rats
91 creatures vanquished.

Notes
Turn   | Place    | Note
-------+----------+-------------------------------------------
     0 | D:1      | timneilson the Gargoyle Fighter began the quest for the
                  | Orb.
     0 | D:1      | Reached XP level 1. HP: 14/14 MP: 1/1
   238 | D:1      | Reached XP level 2. HP: 19/19 MP: 2/2
   248 | D:1      | Found Mephuin's Assorted Antiques.
   473 | D:1      | Reached XP level 3. HP: 23/23 MP: 3/3
  1562 | D:2      | Noticed Natasha
  1577 | D:2      | Killed Natasha
  1578 | D:2      | Reached XP level 4. HP: 7/28 MP: 4/4
  1958 | D:2      | Found a faded altar of an unknown god.
  2243 | D:2      | Noticed Natasha
  2255 | D:2      | Killed Natasha
  2256 | D:2      | Reached XP level 5. HP: 10/33 MP: 5/5
  2677 | D:2      | Noticed Natasha
  2690 | D:2      | Killed Natasha
  3389 | D:3      | Killed from afar by an orc priest

Illustrated notes

Levels and vault maps discovered:
D:1:      dpeg_cavernosity, layout_basic, serial_shops,
          nicolae_shop_competitors_out_of_business,
          chequers_serial_rivers_micro_d, minivault_26, minmay_surrounded
D:2:      layout_loops_ring, chequers_ecumenical_altar_simple, serial_aquarium,
          aquarium_bridge_square [aquarium_subvault_bridge,
          aquarium_subvault_bridge, aquarium_subvault_window,
          aquarium_subvault_wall], aquarium_window_corridor_3,
          aquarium_window_fake, aquarium_window_corner, aquarium_view_4,
          aquarium_balcony_1a, aquarium_pool_double, uniq_natasha
D:3:      layout_rooms, chequers_serial_rivers_micro_a, serial_bayou_pond_b,
          minmay_misc_feat_more_columns

Skill      XL: |  1  2  3  4  5 |
---------------+----------------+-----
Long Blades    | 2 3 |  3.2
Armour         | 4 |  4.5
Shields        | 4 |  4.6
Fighting       | |  3.8

Action                   |  1- 3 |  4- 6 || total
-------------------------+-------+-------++-------
Melee: Long sword        |   117 |   154 ||   271
  Use: Scroll            |     3 |     2 ||     5
       Potion            |       |     1 ||     1
Armor: Scale mail        |    79 |   124 ||   203
Dodge: Dodged            |    53 |    54 ||   107
Block: Kite shield       |    98 |    98 ||   196
       Rpst.: Long sword |    15 |    19 ||    34

Table legend: (Time is in decaauts)
 A = Elapsed time spent in this place.
 B = Non-inter-level travel time spent in this place.
 C = Inter-level travel time spent in this place.
 D = Time resting spent in this place.
 E = Time spent auto-exploring this place.
 F = Levels seen in this place.
 G = Mean time per level.
                   A        B        C        D        E       F      G
               +--------+--------+--------+--------+--------+-----+--------+
         Total |   3543 |   3450 |     93 |    224 |   2559 |   3 | 1181.0 |
       Dungeon |   3543 |   3450 |     93 |    224 |   2559 |   3 | 1181.0 |
               +--------+--------+--------+--------+--------+-----+--------+

Top non-repeatable levels by time:
     D:2: 1611 daAuts
     D:1: 1529 daAuts
     D:3: 402 daAuts
